 Dungeon Crawl Stone Soup version 0.27-a0-1191-g601b473118 (webtiles) character file.

Game seed: 16716857462721763922

1234 jasper the Thaumaturge (level 8, -2/45 HPs)
             Began as a Deep Elf Hedge Wizard on May 23, 2021.
             Was a Follower of Cheibriados.
             Shot with an arrow by a centaur (15 damage)
             ... on level 6 of the Dungeon.
             The game lasted 00:10:31 (6287 turns).

jasper the Thaumaturge (Deep Elf Hedge Wizard)      Turns: 6287, Time: 00:10:31

Health: -2/45      AC:  3    Str:  9    XL:     8   Next: 24%
Magic:  17/22      EV: 18    Int: 24    God:    Cheibriados [*.....]
Gold:   194        SH:  0    Dex: 16    Spells: 1/23 levels left

rFire    . . .     SeeInvis .   g - staff of conjuration
rCold    . . .     Faith    .   (no shield)
rNeg     . . .     Spirit   .   b - +0 robe
rPois    .         Reflect  .   c - +0 hat
rElec    .         Harm     .   (no cloak)
rCorr    .         Rampage  .   f - +0 pair of gloves
Will     .....                  (no boots)
Stlth    +++.......             (no amulet)
HPRegen  0.15/turn              d - +4 ring of evasion
MPRegen  0.18/turn              (no ring)

@: very slow
A: no striking features
a: Renounce Religion, Bend Time


You were on level 6 of the Dungeon.
You worshipped Cheibriados.
Cheibriados was aware of your devotion.
You visited 1 branch of the dungeon, and saw 6 of its levels.

You collected 194 gold pieces.

Inventory:

Hand Weapons
 a - a +0 vampiric dagger
Missiles
 e - 7 boomerangs
 h - 123 stones
 j - a throwing net
 q - 26 poisoned darts
Armour
 b - a +0 robe (worn)
 c - a +0 hat (worn)
 f - a +0 pair of gloves (worn)
 k - a +0 kite shield
 s - a +0 buckler
Magical Staves
 g - a staff of conjuration (weapon)
Jewellery
 d - a +4 ring of evasion (left hand)
Scrolls
 l - a scroll of fog
 m - a scroll of blinking {unknown}
 n - a scroll of magic mapping {unknown}
 u - a scroll of enchant armour {unknown}
Potions
 i - 4 potions of degeneration
 o - a potion of attraction
 p - a potion of haste
 r - a potion of heal wounds {unknown}
 t - a potion of brilliance


   Skills:
 - Level 2.3 Fighting
 - Level 4.5 Dodging
 - Level 5.2 Stealth
 + Level 2.2 Shields
 - Level 8.0 Spellcasting
 - Level 2.0 Conjurations
 - Level 1.1 Summonings
 - Level 1.1 Translocations
 + Level 3.1 Earth Magic
 * Level 4.2 Invocations


You had one spell level left.
You knew the following spells:

 Your Spells              Type           Power      Damage    Failure   Level
a - Magic Dart            Conj           100%       1d8       2%          1
b - Blink                 Tloc           N/A        N/A       6%          2
c - Call Imp              Summ           14%        N/A       6%          2
d - Conjure Flame         Conj/Fire      21%        6-21      13%         3
e - Mephitic Cloud        Conj/Pois/Air  19%        N/A       14%         3
f - Passwall              Tmut/Erth      14%        N/A       5%          2
g - Stone Arrow           Conj/Erth      64%        3d11      7%          3
h - Apportation           Tloc           28%        N/A       4%          1
i - Animate Skeleton      Necr           18%        N/A       6%          1
j - Petrify               Tmut/Erth      17%        N/A       34%         4

Your spell library contained the following spells:

 Spells                   Type           Power      Damage    Failure   Level
 Sandblast                Erth           48%        2d12      1%          1
 Summon Small Mammal      Summ           56%        N/A       4%          1
 Corona                   Hex            10%        N/A       6%          1
 Slow                     Hex            9%         N/A       10%         2
 Gell's Gravitas          Tloc           7%         N/A       12%         3
 Confusing Touch          Hex            9%         N/A       19%         3
 Lee's Rapid Deconstruct  Erth           12%        3d9*      45%         5
 Metabolic Englaciation   Hex/Ice        4%         N/A       87%         5
 Yara's Violent Unravell  Hex/Tmut       4%         3d4       87%         5


Dungeon Overview and Level Annotations

Branches:
Dungeon (6/15)             Temple (0/1) D:6

Altars:
Cheibriados
Elyvilon
Fedhas
Gozag
Hepliaklqana
Kikubaaqudgha
Makhleb
Nemelex Xobeh
Sif Muna
Trog
Uskayaw
Xom
Zin

Annotations:
D:3 2 transporters
D:5 Pikel


Message History

A centaur is nearby!
A centaur is nearby!
Aiming: Magic Dart (safe; 2% risk of failure)
Press: ? - help, Q - select action, (/) - cycle Shift-Dir - straight line, f - centaur
Aim: a centaur, quivering arrows (asleep, 100% to hit)
You feel a surge of power!
The magic dart hits the centaur.
The centaur is lightly wounded.
The centaur shouts!
The centaur wields a +4 shortbow.
The centaur shoots an arrow.
The arrow barely misses you.
The centaur shoots an arrow.
The arrow hits you!
Aiming: Magic Dart (safe; 2% risk of failure)
Press: ? - help, Q - select action, (/) - cycle Shift-Dir - straight line, f/p - centaur
Aim: a centaur, wielding a +4 shortbow and quivering arrows (lightly wounded, 100% to hit)
You feel a surge of power!
The magic dart hits the centaur!
The centaur is moderately wounded.
The centaur shoots an arrow.
The arrow hits you!
Aiming: Magic Dart (safe; 2% risk of failure)
Press: ? - help, Q - select action, (/) - cycle Shift-Dir - straight line, f/p - centaur
Aim: a centaur, wielding a +4 shortbow and quivering arrows (moderately wounded, 100% to hit)
You feel a surge of power!
The magic dart hits the centaur but does no damage.
The centaur is moderately wounded.
The centaur shoots an arrow.
The arrow completely misses you.
The centaur shoots an arrow.
The arrow hits you.
Aiming: Magic Dart (safe; 2% risk of failure)
Press: ? - help, Q - select action, (/) - cycle Shift-Dir - straight line, f/p - centaur
Aim: a centaur, wielding a +4 shortbow and quivering arrows (moderately wounded, 100% to hit)
You feel a surge of power!
The magic dart hits the centaur.
The centaur is moderately wounded.
The centaur shoots an arrow.
The arrow hits you!
* * * LOW HITPOINT WARNING * * *
You take 32 damage, and have 13/45 hp.
MASSIVE DAMAGE!!
You now have 18/22 mp.
Aiming: Magic Dart (safe; 2% risk of failure)
Press: ? - help, Q - select action, (/) - cycle Shift-Dir - straight line, f/p - centaur
Aim: a centaur, wielding a +4 shortbow and quivering arrows (moderately wounded, 100% to hit)
You feel a surge of power!
The magic dart hits the centaur.
The centaur is severely wounded.
The centaur shoots an arrow.
The arrow barely misses you.
The centaur shoots an arrow.
The arrow hits you!
You die...

......
..............#.#........#
......
.........#.#..............
......
................#.########
......
.......(#.#.#...##........
#####
###...#.......#...........
#.#...#.>.#...#.........
......#.......#...........
........#.#.#...#.........
.........@....#...........
.........#.#..#...........
###.#.........#....#######
#.#.....#...# ...# #
#.........# #....###..#
#.... (># ..... #c#


You could see a centaur.

Vanquished Creatures
  An ice beast (D:6)
  An orc warrior (D:6)
  A black bear (D:6)
  A necrophage (D:4)
  A sky beast (D:6)
  A gnoll sergeant (D:6)
  A water moccasin zombie (D:6)
  A scorpion (D:4)
  A howler monkey (D:4)
  3 hounds
  2 jellies (D:6)
  2 orc priests (D:6)
  A centaur zombie (D:4)
  An iguana (D:6)
  2 orc wizards
  A howler monkey zombie (D:5)
  6 gnolls
  6 adders
  2 shadow imps (D:5)
  2 ufetubi
  An adder skeleton (D:5)
  A worm (D:3)
  A dart slug (D:4)
  7 orcs
  4 bats
  6 endoplasms
  2 giant cockroaches
  8 goblins
  6 hobgoblins
  6 kobolds
  3 quokkas
  3 ball pythons
  2 frilled lizards
  4 rats
91 creatures vanquished.

Vanquished Creatures (collateral kills)
  An ogre (D:4)
  A hound (D:4)
2 creatures vanquished.

Grand Total: 93 creatures vanquished

Notes
Turn   | Place    | Note
-------+----------+-------------------------------------------
     0 | D:1      | jasper the Deep Elf Hedge Wizard began the quest for the
                  | Orb.
     0 | D:1      | Reached XP level 1. HP: 10/10 MP: 7/7
   307 | D:1      | Reached XP level 2. HP: 15/15 MP: 6/9
   313 | D:1      | Learned a level 2 spell: Blink
   316 | D:1      | Learned a level 2 spell: Call Imp
   422 | D:1      | Found a faded altar of an unknown god.
   772 | D:1      | Reached XP level 3. HP: 20/20 MP: 7/11
   776 | D:1      | Learned a level 3 spell: Conjure Flame
  1384 | D:2      | Learned a level 3 spell: Mephitic Cloud
  1420 | D:2      | Reached skill level 5 in Spellcasting
  1535 | D:3      | Found an ancient bone altar of Kikubaaqudgha.
  1535 | D:3      | Found a glowing silver altar of Zin.
  1535 | D:3      | Found an opulent altar of Gozag.
  1535 | D:3      | Found a burning altar of Makhleb.
  1669 | D:3      | Found a transporter.
  1688 | D:3      | Found a transporter.
  2242 | D:3      | Reached XP level 4. HP: 24/24 MP: 10/13
  2245 | D:3      | Learned a level 2 spell: Passwall
  2367 | D:4      | Reached skill level 1 in Fighting
  2410 | D:3      | Reached XP level 5. HP: 8/29 MP: 1/15
  2663 | D:4      | Reached skill level 6 in Spellcasting
  2677 | D:4      | Learned a level 3 spell: Stone Arrow
  2844 | D:4      | Noticed an ogre
  2864 | D:4      | Killed an ogre
  3375 | D:4      | Reached XP level 6. HP: 20/35 MP: 6/17
  3377 | D:4      | Learned a level 1 spell: Apportation
  3379 | D:4      | Learned a level 1 spell: Animate Skeleton
  3598 | D:4      | Reached skill level 7 in Spellcasting
  3974 | D:5      | Entered Level 5 of the Dungeon
  4642 | D:5      | Found a sparkling altar of Nemelex Xobeh.
  4649 | D:5      | Found a shimmering blue altar of Sif Muna.
  4657 | D:5      | Found a snail-covered altar of Cheibriados.
  4661 | D:5      | Became a worshipper of Cheibriados the Contemplative
  4667 | D:5      | Found a white marble altar of Elyvilon.
  4679 | D:5      | Found a bloodstained altar of Trog.
  4687 | D:5      | Found a hide-covered altar of Uskayaw.
  4692 | D:5      | Found a blossoming altar of Fedhas.
  4768 | D:5      | Noticed Pikel
  5104 | D:5      | Found a shimmering altar of Xom.
  5105 | D:5      | Found a hazy altar of Hepliaklqana.
  5189 | D:6      | Reached XP level 7. HP: 40/40 MP: 8/19
  5237 | D:6      | Reached skill level 5 in Stealth
  5412 | D:6      | Reached skill level 1 in Earth Magic
  5412 | D:6      | Reached skill level 1 in Invocations
  5576 | D:6      | Reached skill level 8 in Spellcasting
  5621 | D:6      | Learned a level 4 spell: Petrify
  5631 | D:6      | Reached skill level 1 in Shields
  5796 | D:6      | Reached XP level 8. HP: 35/45 MP: 4/22
  6149 | D:6      | Found a staircase to the Ecumenical Temple.
  6242 | D:6      | Reached * piety under Cheibriados
  6287 | D:6      | Shot with an arrow by a centaur

Illustrated notes

Levels and vault maps discovered:
D:1:      nicolae_arrival_somewhat_less_tricky_arrival, layout_rooms,
          basic_ecumenical_altar
D:2:      minmay_inner_zag, layout_basic, minmay_stone_trees_small,
          kennysheep_generic_room_2
D:3:      gammafunk_wand_slinger, layout_loops_ring,
          chequers_temple_overflow_statue_of_worship
D:4:      layout_cave_pools, minmay_misc_feat_plants, minmay_quadrilaterals
D:5:      layout_gridville, regret_index_temple_of_mockery,
          grunt_temple_overflow_octagram, lightli_ossuary_entry_decrepit_ruins,
          serial_shops, nicolae_shop_stone, uniq_pikel
D:6:      layout_basic, minmay_temple_entry_sparse_star, nrook_mini_backslash,
          kennysheep_small_square

Skill      XL: |  1  2  3  4  5  6  7  8 |
---------------+-------------------------+-----
Conjurations   | 2 |  2.0
Stealth        | 3 4 5 |  5.2
Spellcasting   | 5 6 7 8 |  8.0
Dodging        | 3 4 |  4.5
Fighting       | 1 2 |  2.3
Earth Magic    | 2 3 |  3.1
Invocations    | 3 4 |  4.2
Shields        | 1 2 |  2.2
Summonings     | |  1.1
Translocations | |  1.1

Action                   |  1- 3 |  4- 6 |  7- 9 || total
-------------------------+-------+-------+-------++-------
Melee: Dagger            |     5 |    24 |       ||    29
       Staff             |       |       |    13 ||    13
 Cast: Magic Dart        |   105 |   159 |    58 ||   322
       Call Imp          |       |     5 |       ||     5
       Blink             |       |     6 |       ||     6
       Mephitic Cloud    |       |     2 |     1 ||     3
       Stone Arrow       |       |       |    15 ||    15
  Use: Scroll            |       |     9 |       ||     9
       Potion            |       |     2 |       ||     2
 Stab: Distracted        |       |     1 |       ||     1
Armor: Robe              |     2 |     9 |     8 ||    19
Dodge: Dodged            |     8 |    95 |    30 ||   133

Table legend: (Time is in decaauts)
 A = Elapsed time spent in this place.
 B = Non-inter-level travel time spent in this place.
 C = Inter-level travel time spent in this place.
 D = Time resting spent in this place.
 E = Time spent auto-exploring this place.
 F = Levels seen in this place.
 G = Mean time per level.
                   A        B        C        D        E       F      G
               +--------+--------+--------+--------+--------+-----+--------+
         Total |   6433 |   6397 |     36 |   1185 |   4430 |   6 | 1072.2 |
       Dungeon |   6433 |   6397 |     36 |   1185 |   4430 |   6 | 1072.2 |
               +--------+--------+--------+--------+--------+-----+--------+

Top non-repeatable levels by time:
     D:4: 1368 daAuts
     D:6: 1299 daAuts
     D:1: 1249 daAuts
     D:5: 1159 daAuts
     D:3: 1093 daAuts
     D:2: 264 daAuts
